 Dungeon Crawl Stone Soup version 0.30-a0-591-g3c58d2bc28 (webtiles) character file.

Game seed: 5245095300605573787

9453 wormed the Transmogrifier (level 11, -3/88 HPs)
             Began as an Octopode Transmuter on Jan 5, 2023.
             Was an Initiate of Gozag.
             Slain by a minotaur
             ... wielding a +2 flail of protection
              (33 damage)
             ... in a Gauntlet.
             The game lasted 00:25:12 (14665 turns).

wormed the Transmogrifier (Octopode Transmuter)    Turns: 14665, Time: 00:25:13

Health: -3/88      AC:  9    Str: 10    XL:     11   Next: 46%
Magic:  18/20      EV: 12    Int: 19    God:    Gozag
Gold:   688        SH:  0    Dex: 13    Spells: 3/23 levels left

rFire   x . .      SeeInvis +      - Unarmed
rCold   + + +      Faith    .    (shield currently unavailable)
rNeg    . . .      Spirit   .    (helmet currently unavailable)
rPois   +          Reflect  .    p - amulet of the acrobat
rElec   .          Harm     .    k - ring of wizardry
rCorr   .          Rampage  .    q - ring of see invisible
Will    .....      NoTele   +    (no ring)
Stlth   +                        (no ring)
HPRegen 0.34/turn                (no ring)
MPRegen 0.17/turn                (no ring)
                                 (no ring)
                                 (no ring)

@: mighty, ice-form, hasted, very quick
A: freezing attack, boosted hp, almost no armour, amphibious, 8 rings, large,
(camouflage 1), (gelatinous body 1), (nimble swimmer 1), (tentacles)
a: End Transformation, Renounce Religion, Potion Petition, Call Merchant, Bribe
Branch


You were in a Gauntlet.
You worshipped Gozag.
Gozag was pleased with you.
You were a creature of crystalline ice.
You visited 3 branches of the dungeon, and saw 13 of its levels.
You also visited: Gauntlet.

You collected 1705 gold pieces.
You spent 512 gold pieces at shops.
You paid 505 gold pieces to Gozag.

Inventory:

Jewellery
 d - an amulet of reflection
 k - a ring of wizardry (left front paw)
 p - an amulet of the acrobat (around neck)
 q - a ring of see invisible (right front paw)
Wands
 m - a wand of acid (4) (quivered)
Scrolls
 f - 6 scrolls of teleportation
 g - a scroll of fear
 l - a scroll of enchant weapon
 n - a scroll of blinking
 r - 2 scrolls of enchant armour
 u - 3 scrolls of amnesia
Potions
 a - 3 potions of lignification
 b - 3 potions of flight
 c - 5 potions of brilliance
 e - 3 potions of haste
 h - 8 potions of curing
 i - 3 potions of heal wounds
 j - a potion of resistance
 o - 2 potions of cancellation
 v - 2 potions of mutation {unknown}


   Skills:
 + Level 6.8 Fighting
 + Level 7.0 Dodging
 + Level 7.4 Unarmed Combat
 + Level 6.6 Spellcasting
 * Level 10.0 Transmutations
 - Level 5.0 Ice Magic
 * Level 2.5 Air Magic


You had 3 spell levels left.
You knew the following spells:

 Your Spells              Type           Power      Damage    Failure   Level
a - Ice Form              Ice/Tmut       34%        N/A       1%          4
b - Wereblood             Tmut           44%        N/A       1%          2
c - Beastly Appendage     Tmut           88%        N/A       1%          1
d - Blink                 Tloc           12%        N/A       6%          2
e - Manifold Assault      Tloc           6%         N/A       38%         4
f - Storm Form            Tmut/Air       15%        N/A       92%         7

Your spell library contained the following spells:

 Spells                   Type           Power      Damage    Failure   Level
 Sting                    Tmut/Pois      100%       1d8       1%          1
 Spider Form              Tmut/Pois      25%        N/A       1%          3
 Apportation              Tloc           12%        N/A       4%          1
 Necrotise                Necr           24%        1d5       4%          1
 Summon Small Mammal      Summ           24%        N/A       4%          1
 Poisonous Vapours        Pois/Air       22%        N/A       4%          2
 Leda's Liquefaction      Hex/Erth       3%         N/A       38%         4
 Olgreb's Toxic Radiance  Pois           6%         N/A       38%         4
 Statue Form              Tmut/Erth      16%        N/A       61%         6
 Lee's Rapid Deconstruct  Erth           3%         3d5*      71%         5
 Borgnjor's Revivificati  Necr           3%         N/A       100%        8
 Necromutation            Tmut/Necr      12%        N/A       100%        8
 Death's Door             Necr           3%         N/A       100%        9


Dungeon Overview and Level Annotations

Branches:
Dungeon (11/15)            Temple (1/1) D:5            Lair (1/5) D:8
Gauntlet (1/1)
    Orc: D:9-12

Altars:
Ashenzari
Cheibriados
Dithmenos
Elyvilon
Fedhas
Gozag
Hepliaklqana
Kikubaaqudgha
Makhleb
Nemelex Xobeh
Okawaru
Qazlal
Ru
Sif Muna
Trog
Uskayaw
Vehumet
Wu Jian
Xom
Yredelemnul
Zin
The Shining One

Shops:
D:5 !   D:6 *   D:10 :

Annotations:
D:2 1 runed translucent door, Crazy Yiuf
D:3 2 transporters, spardeous's ghost, weakling FeEE
D:4 Eustachio Gauntlet 10 transporters


Innate Abilities, Weirdness & Mutations

You are a creature of crystalline ice.
You have a powerful freezing melee attack.
Your maximum health is increased.
Your armour is entirely melded.
You are incapable of wielding weapons or throwing items.
You cannot wear most types of armour.
You are amphibious.
You can wear up to eight rings at the same time.
((Your skin changes colour to match your surroundings (Stealth+).))
((Your rubbery body absorbs attacks. (AC +1, EV +1)))
((You are camouflaged when in or above water. (Stealth+)))
((You have tentacles for arms and can constrict up to eight enemies at once.))


Message History

Aiming: Corrosive Bolt
Press: ? - help, Q - select action, (/) - cycle Shift-Dir - straight line, f/p - minotaur
Aim: a minotaur, wielding a +2 flail of protection, wearing a +2 plate armour of willpower and quivering javelins (moderately wounded, covered in acid, 86% to hit)
The bolt of acid hits the minotaur.
The minotaur seems to be corroded for longer.
The minotaur is moderately wounded.
Aiming: Corrosive Bolt
Press: ? - help, Q - select action, (/) - cycle Shift-Dir - straight line, f/p - minotaur
Aim: a minotaur, wielding a +2 flail of protection, wearing a +2 plate armour of willpower and quivering javelins (moderately wounded, covered in acid, 86% to hit)
The bolt of acid hits the minotaur but does no damage.
The minotaur is moderately wounded.
You hit the minotaur. You freeze the minotaur.
The minotaur is moderately wounded.
The minotaur hits you with a +2 flail of protection!
The minotaur gores you.
You hit the minotaur but do no damage.
The minotaur is moderately wounded.
You pummel the minotaur!! You freeze the minotaur.
The minotaur is severely wounded.
The minotaur hits you with a +2 flail of protection!!
The minotaur gores you but does no damage.
You feel yourself speed up.
The minotaur hits you with a +2 flail of protection!!
* * * LOW HITPOINT WARNING * * *
The minotaur gores you but does no damage.
The minotaur throws a javelin.
The javelin misses you.
You feel much better.
You feel very mighty all of a sudden.
Aiming: Corrosive Bolt
Press: ? - help, Q - select action, (/) - cycle Shift-Dir - straight line, f/p - minotaur
Aim: a minotaur, wielding a +2 flail of protection, wearing a +2 plate armour of willpower and quivering javelins (heavily wounded, covered in acid, 86% to hit)
The bolt of acid hits the minotaur!
The minotaur is severely wounded.
The minotaur hits you with a +2 flail of protection!
The minotaur completely misses you.
You hit the minotaur but do no damage.
The minotaur is severely wounded.
The minotaur hits you with a +2 flail of protection!!
You die...
Your body crumbles into a pile of gold.

≈≈≈ ≈∩ .. ###. ...
######'#######
#..........H..#
#.###.###.###H#
#.###.###.###Y#
#.............#
###.###.###.###
#####.###.###.#####
#§...............≈#
#8.8.8.8.8.8.8.8.8# ##
#≈...............≈# #8
#####.#########.##########
....#.#..§∩≈..#.#.......≈#


You could see a minotaur (corroded).

Vanquished Creatures
  2 two-headed ogres
  An obsidian statue (Gauntlet)
  An oklob plant (Gauntlet)
  An eye of devastation (Gauntlet)
  A cane toad (Lair:1)
  A troll (D:9)
  A hornet (D:7)
  A wyvern (D:8)
  2 shadows
  10 yaks
  A vampire (D:10)
  4 steam dragons
  Menkaure (D:5)
  2 vampire mosquitoes (D:10)
  2 floating eyes (Gauntlet)
  2 acid dragons (Gauntlet)
  A water moccasin (D:6)
  A black bear (D:4)
  An orc warrior (D:9)
  3 sky beasts
  3 ice beasts
  An ogre (D:5)
  5 centaurs
  A kobold brigand (D:8)
  3 bullfrogs
  Blork the orc (D:6)
  4 scorpions
  3 killer bees
  An electric eel (D:7)
  4 howler monkeys
  3 gnoll boudas
  2 jellies
  2 orc priests
  3 hounds
  Jessica (D:2)
  Ijyb (D:3)
  2 iguanas
  5 orc wizards
  12 adders
  16 gnolls
  A shadow imp (D:8)
  2 white imps
  2 ufetubi
  3 worms
  29 orcs
  A bat (D:2)
  6 endoplasms
  3 giant cockroaches
  10 hobgoblins
  3 quokkas
  8 ball pythons
  13 frilled lizards
  6 goblins
  19 kobolds
  7 rats
225 creatures vanquished.

Vanquished Creatures (others)
  An orc (D:9)
  5 plants
6 creatures vanquished.

Grand Total: 231 creatures vanquished

Notes
Turn   | Place    | Note
-------+----------+-------------------------------------------
     0 | D:1      | wormed the Octopode Transmuter began the quest for the Orb.
     0 | D:1      | Reached XP level 1. HP: 13/13 MP: 3/3
   192 | D:1      | Reached XP level 2. HP: 11/18 MP: 3/5
   305 | D:1      | Learned a level 2 spell: Wereblood
   392 | D:1      | Found a faded altar of an unknown god.
   410 | D:1      | Reached XP level 3. HP: 21/23 MP: 4/6
  1033 | D:2      | Reached skill level 1 in Ice Magic
  1154 | D:2      | Reached XP level 4. HP: 28/28 MP: 5/7
  1179 | D:2      | Learned a level 4 spell: Ice Form
  1236 | D:2      | Reached skill level 3 in Transmutations
  1557 | D:2      | Noticed Jessica
  1571 | D:2      | Killed Jessica
  1572 | D:2      | Reached XP level 5. HP: 21/34 MP: 3/8
  2086 | D:2      | Found a runed translucent door.
  2087 | D:2      | Noticed Crazy Yiuf
  2608 | D:3      | Noticed Ijyb
  2614 | D:3      | Paralysed by Ijyb for 4 turns
  2623 | D:3      | Killed Ijyb
  2692 | D:3      | Found a transporter.
  2698 | D:3      | Noticed spardeous's ghost (weakling FeEE)
  3460 | D:3      | Found a basalt altar of Yredelemnul.
  3464 | D:3      | Found an ornate altar of the Wu Jian Council.
  3471 | D:3      | Found a shimmering altar of Xom.
  3471 | D:3      | Found a hazy altar of Hepliaklqana.
  3478 | D:3      | Found a shadowy altar of Dithmenos.
  3509 | D:3      | Found a transporter.
  3912 | D:4      | Noticed a black bear
  3921 | D:4      | Killed a black bear
  3922 | D:4      | Reached XP level 6. HP: 30/39 MP: 3/10
  4311 | D:4      | Reached skill level 4 in Transmutations
  4337 | D:4      | Noticed an ice beast
  4400 | D:4      | Killed an ice beast
  4432 | D:4      | Reached XP level 7. HP: 45/45 MP: 6/11
  4587 | D:4      | Found a shimmering blue altar of Sif Muna.
  4594 | D:4      | Noticed Eustachio
  5531 | D:4      | Found a snail-covered altar of Cheibriados.
  5592 | D:5      | Entered Level 5 of the Dungeon
  5592 | D:5      | Found a staircase to the Ecumenical Temple.
  5600 | Temple   | Entered the Ecumenical Temple
  5652 | Temple   | Became a worshipper of Gozag Ym Sagoz the Greedy
  5869 | D:5      | Reached skill level 5 in Transmutations
  5869 | D:5      | Reached XP level 8. HP: 52/52 MP: 10/13
  5988 | D:5      | Noticed Menkaure
  5996 | D:5      | Killed Menkaure
  6373 | D:5      | Found Lenuq's Distillery.
  7077 | D:6      | Reached skill level 6 in Transmutations
  7148 | D:6      | Reached skill level 5 in Unarmed Combat
  7351 | D:6      | Reached XP level 9. HP: 58/58 MP: 10/15
  7454 | D:6      | Found Toikedus's CLEARANCE SALE!.
  7486 | D:6      | Noticed Blork the orc
  7493 | D:6      | Killed Blork the orc
  7652 | D:6      | Found a hide-covered altar of Uskayaw.
  7955 | D:7      | Noticed a hornet
  7964 | D:7      | Killed a hornet
  8243 | D:7      | Reached skill level 7 in Transmutations
  8472 | D:7      | Found a glowing golden altar of the Shining One.
  8472 | D:7      | Found a white marble altar of Elyvilon.
  8472 | D:7      | Found a glowing silver altar of Zin.
  8603 | D:7      | Reached skill level 5 in Dodging
  9286 | D:7      | Reached skill level 5 in Fighting
  9286 | D:7      | Reached skill level 5 in Spellcasting
  9700 | D:8      | Reached XP level 10. HP: 66/66 MP: 11/17
  9705 | D:8      | Reached skill level 5 in Ice Magic
  9752 | D:8      | Noticed a two-headed ogre
 10220 | D:8      | Killed a two-headed ogre
 10221 | D:8      | Reached skill level 8 in Transmutations
 10324 | D:8      | Found a staircase to the Lair.
 11352 | D:9      | You fall into a shaft and drop 2 floors!
 11462 | D:10     | Entered Level 10 of the Dungeon
 11607 | D:10     | Noticed a two-headed ogre
 11777 | D:9      | Reached skill level 9 in Transmutations
 11823 | D:9      | Identified the +7 chain mail "Wiebeel" {rPois}
 11922 | D:9      | Found a burning altar of Makhleb.
 11934 | D:9      | Identified the +0 chain mail of Ureschoop {Int+4}
 12373 | D:10     | Noticed a two-headed ogre
 12858 | D:10     | Killed a two-headed ogre
 12859 | D:10     | Reached XP level 11. HP: 74/74 MP: 15/20
 13157 | D:11     | Noticed a two-headed ogre
 13184 | D:10     | Bought an Inescapable Atlas for 512 gold pieces
 13187 | D:10     | Learned a level 2 spell: Blink
 13192 | D:10     | Learned a level 4 spell: Manifold Assault
 13201 | D:10     | Learned a level 7 spell: Storm Form
 13302 | D:11     | Noticed a purple ugly thing
 13370 | Lair:1   | Entered Level 1 of the Lair of Beasts
 13455 | Lair:1   | Reached skill level 1 in Air Magic
 13545 | Lair:1   | Found a gate leading to a gauntlet.
 13568 | Gauntlet | Entered a Gauntlet
 13568 | Gauntlet | Found a transporter.
 13568 | Gauntlet | Found a transporter.
 13578 | Gauntlet | Found a transporter.
 13578 | Gauntlet | Found a transporter.
 13588 | Gauntlet | Found a transporter.
 13596 | Gauntlet | Noticed a large abomination
 13598 | Gauntlet | Found a transporter.
 13598 | Gauntlet | Found a transporter.
 13598 | Gauntlet | Noticed an obsidian statue
 13607 | Gauntlet | Noticed a large abomination
 13626 | Gauntlet | Found a transporter.
 13627 | Gauntlet | Noticed an oklob plant
 13629 | Gauntlet | Found a transporter.
 13641 | Gauntlet | Found a transporter.
 13675 | Gauntlet | Found a transporter.
 13705 | Gauntlet | Found a transporter.
 13714 | Gauntlet | Found a transporter.
 13730 | Gauntlet | Found a transporter.
 13831 | Gauntlet | Found a transporter.
 13845 | Gauntlet | Found a transporter.
 14024 | Gauntlet | Identified the +8 short sword of Floods {heavy, rElec rN+}
 14191 | Gauntlet | Killed an oklob plant
 14426 | Gauntlet | Noticed a sixfirhy
 14435 | Gauntlet | Killed an obsidian statue
 14436 | Gauntlet | Reached skill level 10 in Transmutations
 14438 | Gauntlet | Identified the +0 pair of boots "Esygg" {Harm}
 14644 | Gauntlet | Noticed a minotaur
 14665 | Gauntlet | Slain by a minotaur

Illustrated notes

Levels and vault maps discovered:
D:1:      psy_arrival_fountain, layout_loops_ring,
          chequers_ecumenical_altar_island, hangedman_decor_diamond_cutter
D:2:      minmay_diamond_boxcup, layout_loops_ring, kennysheep_generic_room_13,
          uniq_jessica, uniq_crazy_yiuf_cottage
D:3:      layout_loops_ring, nicolae_overflow_hallway_of_the_gods,
          gammafunk_ghost_stat_death, minmay_lizard_king, uniq_ijyb
D:4:      layout_rooms, slow_altar_2, mainiacjoe_overflow_surrounded_room,
          uniq_eustachio
D:5:      layout_cave_pools, minmay_temple_entry_mini_moons,
          serial_column_ruins, column_ruins_square_medium, column_ruins_grid_5,
          column_ruins_grid_4, column_ruins_corridor_straight,
          column_ruins_open_tiny, column_ruins_grid_4, column_ruins_grid_1,
          column_ruins_open_medium_water, cheibrodos_sewer_entry_bend,
          serial_shops, nicolae_square_shop, uniq_menkaure
D:6:      layout_loops_ring, nicolae_uskayaw_suspiria,
          chequers_serial_rivers_large_b, nicolae_shop_clearance,
          uniq_blork_the_orc
D:7:      layout_basic, good_gods_mini_temple, serial_bayou_pond_b,
          hangedman_glass_teeth
D:8:      layout_cave_pools, lair_entry_dummy
D:9:      layout_gridville, bloody_makhleb, enter_bailey_4
D:10:     layout_roguey
D:11:     layout_basic, serial_curves, eino_curves_01, eino_curves_03,
          eino_curves_01
Temple:   nicolae_temple_ecumenical_triangle
Lair:1:   layout_regular_city, gauntlet_entry_generic,
          chequers_serial_rivers_micro_b, grunt_megastairs_2,
          infiniplex_staircase_pool
Gauntlet: gammafunk_gauntlet_branching [gammafunk_gauntlet_arena_grid,
          gammafunk_gauntlet_arena_split_x, nicolae_gauntlet_arena_quarters,
          nicolae_gauntlet_arena_t_cross, gammafunk_gauntlet_arena_spirals,
          gammafunk_gauntlet_arena_teeth, nicolae_gauntlet_arena_x,
          gammafunk_gauntlet_arena_chambers, gauntlet_exit_watery]

Skill      XL: |  1  2  3  4  5  6  7  8  9 10 11 |
---------------+----------------------------------+-----
Ice Magic      | 1 2 3 4 5 |  5.0
Transmutations | 3 4 5 6 7 9 10 | 10.0
Fighting       | 2 3 4 5 6 |  6.8
Dodging        | 3 4 5 6 7 |  7.0
Spellcasting   | 3 4 5 6 |  6.6
Unarmed Combat | 4 5 7 |  7.4
Air Magic      | 2 |  2.5

Action                   |  1- 3 |  4- 6 |  7- 9 | 10-12 || total
-------------------------+-------+-------+-------+-------++-------
Melee: Unarmed           |    55 |   127 |   238 |   238 ||   658
       Kick              |    17 |     7 |       |       ||    24
       Constrict         |    19 |    12 |     1 |       ||    32
       Tentacles         |    11 |     8 |     1 |       ||    20
       Punch             |     1 |     1 |       |       ||     2
 Cast: Beastly Appendage |    18 |    16 |       |       ||    34
       Wereblood         |     1 |     8 |    13 |    16 ||    38
       Ice Form          |       |    14 |    38 |    36 ||    88
       Manifold Assault  |       |       |       |     1 ||     1
Invok: Call Merchant     |       |       |       |     1 ||     1
Evoke: Wand              |       |     1 |     8 |    17 ||    26
  Use: Scroll            |     5 |     6 |     5 |     4 ||    20
       Potion            |       |     1 |       |     8 ||     9
 Stab: Sleeping          |     7 |     5 |       |       ||    12
       Paralysed         |       |     8 |    11 |       ||    19
       Distracted        |       |       |     1 |     1 ||     2
Armor: Skin              |     3 |    18 |    57 |    73 ||   151
Dodge: Dodged            |    24 |    43 |    79 |   128 ||   274
Block: Other             |       |     7 |    52 |    33 ||    92
       Reflection        |       |       |     3 |     2 ||     5

Table legend: (Time is in decaauts)
 A = Elapsed time spent in this place.
 B = Non-inter-level travel time spent in this place.
 C = Inter-level travel time spent in this place.
 D = Time resting spent in this place.
 E = Time spent auto-exploring this place.
 F = Levels seen in this place.
 G = Mean time per level.
                   A        B        C        D        E       F      G
               +--------+--------+--------+--------+--------+-----+--------+
         Total |  14605 |  14032 |    573 |   1644 |   9769 |  14 | 1043.2 |
       Dungeon |  13159 |  12598 |    561 |   1629 |   8746 |  11 | 1196.3 |
        Temple |    176 |    164 |     12 |      0 |    139 |   1 |  176.0 |
          Lair |    196 |    196 |      0 |      0 |    154 |   1 |  196.0 |
      Gauntlet |   1073 |   1073 |      0 |     15 |    730 |   1 | 1073.0 |
               +--------+--------+--------+--------+--------+-----+--------+

Top non-repeatable levels by time:
     D:3: 2066 daAuts
     D:2: 1661 daAuts
     D:7: 1660 daAuts
     D:8: 1455 daAuts
Gauntlet: 1073 daAuts
     D:6: 1064 daAuts
     D:9: 1042 daAuts
     D:1: 1012 daAuts
     D:5: 1004 daAuts
    D:10: 860 daAuts
     D:4: 849 daAuts
    D:11: 480 daAuts
  Lair:1: 196 daAuts
  Temple: 176 daAuts
